 Dungeon Crawl Stone Soup version 0.26-a0-1197-gd68fa41eda (webtiles) character file.

Game seed: 7557999298799457629

252 BuffBuff the Cudgeller (level 6, -1/39 HPs)
             Began as a Gargoyle Fighter on Dec 28, 2020.
             Splashed by Ijyb's acid (10 damage)
             ... on level 3 of the Dungeon.
             The game lasted 00:05:52 (2083 turns).

BuffBuff the Cudgeller (Gargoyle Fighter)           Turns: 2083, Time: 00:05:53

Health: -1/39      AC:  8    Str: 21    XL:     6   Next: 14%
Magic:  6/6        EV:  9    Int:  9    God:
Gold:   68         SH:  9    Dex:  9    Spells: 5/5 levels left

rFire    . . .     SeeInvis .   a - +0 flail
rCold    . . .     Faith    .   c - +0 kite shield
rNeg     + . .     Spirit   .   m - +0 troll leather armour {Purgy}
rPois    ∞         Reflect  .   (no helmet)
rElec    +         Harm     .   (no cloak)
rCorr    .         Rampage  .   (no gloves)
Will     .....                  (no boots)
Stlth    +.........             (no amulet)
HPRegen  0.53/turn              (no ring)
MPRegen  0.10/turn              (no ring)

@: no status effects
A: negative energy resistance 1, electricity resistance, unbreathing,
petrification resistance, miasma immunity, AC +4
a: no special abilities


You were on level 3 of the Dungeon.
You visited 1 branch of the dungeon, and saw 3 of its levels.
You also visited: Sewer.

You collected 68 gold pieces.

Inventory:

Hand Weapons
 a - a +0 flail (weapon)
Missiles
 k - 17 poisoned darts (quivered)
Armour
 b - a +0 scale mail
 c - a +0 kite shield (worn)
 m - a +0 troll leather armour (worn) {Purgy}
Jewellery
 l - an uncursed ring of fire {unknown}
Scrolls
 e - 3 scrolls of magic mapping {unknown}
 g - 5 scrolls of remove curse {unknown}
 j - 2 scrolls of enchant weapon {unknown}
 o - a scroll of fear {unknown}
 p - a scroll of fog {unknown}
 q - a scroll of blinking {unknown}
Potions
 d - 2 potions of might
 f - 3 potions of flight {unknown}
 h - a potion of berserk rage {unknown}
 i - a potion of heal wounds {unknown}
 n - 2 potions of curing {unknown}


   Skills:
 + Level 4.5 Fighting
 * Level 4.6 Maces & Flails
 - Level 3.2 Armour
 + Level 4.6 Shields


You had 5 spell levels left.
You didn't know any spells.
Your spell library was empty.

Dungeon Overview and Level Annotations

Branches:
Dungeon (3/15)              Sewer (visited)

Altars:
Fedhas
Makhleb
Xom

Annotations:
D:3 Ijyb


Innate Abilities, Weirdness & Mutations

You are resistant to torment.
Your stone body is resilient. (AC +4)
You are immune to poison.
You resist negative energy. (rN+)
You are resistant to electric shocks. (rElec)
You can survive without breathing.
You are immune to petrification.
You are immune to miasma.


Message History

Ijyb shouts!
Your shield prevents you from hitting Ijyb.
You block Ijyb's attack.
You hit Ijyb but do no damage.
Ijyb zaps a wand.
The bolt of acid misses you. You block Ijyb's attack.
You closely miss Ijyb.
Ijyb zaps a wand.
The bolt of acid hits you!
You are splashed with acid!
You barely miss Ijyb. Ijyb barely misses you.
You thump Ijyb!
Ijyb is moderately wounded.
You block Ijyb's attack.
You barely miss Ijyb.
Ijyb is moderately wounded.
You block Ijyb's attack.
You barely miss Ijyb.
Ijyb is moderately wounded.
You block Ijyb's attack.
Ijyb zaps a wand.
The bolt of acid hits you!
* * * LOW HITPOINT WARNING * * *
You are splashed with acid!
You die...

#.##.#.#....# #.#
#.##.#.##...## #.#
#.##.#.#8...8# #.#
#.# ?#.##...## #.#
#.# .#.##...# #.#
#.# .#.##...## #..
#.# #.#8...8# ###
#.# ##...#### #
#@# #...##8###
#.g....##.........
########8.........
##.........
##8###⌠### ### ###
#


You could see Ijyb.

Vanquished Creatures
  Purgy (Sewer)
  Jessica (D:2)
  Terence (D:2)
  4 adders
  3 oozes
  A dart slug (D:2)
  A leopard gecko (D:1)
  An orc (D:3)
  2 giant cockroaches
  2 goblins
  4 hobgoblins
  7 jackals
  A quokka (D:2)
  5 ball pythons
  5 bats
  7 frilled lizards
  6 kobolds
  6 rats
58 creatures vanquished.

Notes
Turn   | Place    | Note
-------+----------+-------------------------------------------
     0 | D:1      | BuffBuff the Gargoyle Fighter began the quest for the Orb.
     0 | D:1      | Reached XP level 1. HP: 14/14 MP: 1/1
    18 | D:1      | Reached XP level 2. HP: 17/19 MP: 2/2
   427 | D:1      | Reached XP level 3. HP: 23/23 MP: 3/3
   817 | D:2      | Noticed Jessica
   833 | D:2      | Killed Jessica
   834 | D:2      | Reached XP level 4. HP: 24/29 MP: 4/4
  1217 | D:2      | Found a burning altar of Makhleb.
  1220 | D:2      | Found a shimmering altar of Xom.
  1321 | D:2      | Noticed Terence
  1333 | D:2      | Killed Terence
  1524 | D:3      | Reached XP level 5. HP: 33/33 MP: 5/5
  1575 | D:3      | Found a glowing drain.
  1594 | Sewer    | Entered a sewer
  1647 | Sewer    | Noticed Purgy
  1668 | Sewer    | Killed Purgy
  1730 | Sewer    | Reached XP level 6. HP: 32/39 MP: 6/6
  1968 | D:3      | Found a blossoming altar of Fedhas.
  2076 | D:3      | Noticed Ijyb
  2083 | D:3      | Splashed by Ijyb's acid

Illustrated notes

Levels and vault maps discovered:
D:1:      dpeg_arrival_ternary, layout_rooms
D:2:      layout_basic, minitemple, uniq_terence, uniq_jessica
D:3:      layout_basic, cheibrodos_sewer_entry_sluice, serial_corexii_hall,
          corexii_hall_statues_l, chequers_hall_statues_y, fedhas_altar_3,
          uniq_ijyb

Skill      XL: |  1  2  3  4  5 |
---------------+----------------+-----
Maces & Flails | 3 4 |  4.6
Shields        | 4 |  4.6
Fighting       | 4 |  4.5
Armour         | |  3.2

Action                   |  1- 3 |  4- 6 || total
-------------------------+-------+-------++-------
Melee: Flail             |   106 |   151 ||   257
Armor: Scale mail        |    51 |    93 ||   144
       Troll leather arm |       |    21 ||    21
Dodge: Dodged            |    31 |    69 ||   100
Block: Kite shield       |    55 |   111 ||   166

Table legend: (Time is in decaauts)
 A = Elapsed time spent in this place.
 B = Non-inter-level travel time spent in this place.
 C = Inter-level travel time spent in this place.
 D = Time resting spent in this place.
 E = Time spent auto-exploring this place.
 F = Levels seen in this place.
 G = Mean time per level.
                   A        B        C        D        E       F      G
               +--------+--------+--------+--------+--------+-----+--------+
         Total |   2201 |   2183 |     18 |    460 |   1035 |   4 |  550.2 |
       Dungeon |   1798 |   1780 |     18 |    353 |    923 |   3 |  599.3 |
         Sewer |    403 |    403 |      0 |    107 |    112 |   1 |  403.0 |
               +--------+--------+--------+--------+--------+-----+--------+

Top non-repeatable levels by time:
     D:2: 1005 daAuts
     D:1: 566 daAuts
   Sewer: 403 daAuts
     D:3: 225 daAuts
